 Dungeon Crawl Stone Soup version 0.29-a0-870-g2c972031a6 (webtiles) character file.

Game seed: 16139760634108762625

1855 kevlar127 the Ruffian (level 8, -8/124 HPs)
             Began as a Troll Berserker on July 17, 2022.
             Was a Priest of Trog.
             Mangled by an orc warrior
             ... wielding a +2 halberd of pain
              (21 damage)
             ... on level 6 of the Dungeon.
             The game lasted 00:11:44 (4679 turns).

kevlar127 the Ruffian (Troll Berserker)             Turns: 4679, Time: 00:11:45

Health: -8/124     AC:  4    Str: 28    XL:     8   Next: 89%
Magic:  7/7        EV: 10    Int:  3    God:    Trog [***...]
Gold:   181        SH:  0    Dex:  9    Spells: 7/7 levels left

rFire   . . .      SeeInvis .     - Unarmed
rCold   . . .      Faith    .   (no shield)
rNeg    . . .      Spirit   .   a - +0 animal skin
rPois   +          Reflect  .   (helmet restricted)
rElec   .          Harm     .   (no cloak)
rCorr   .          Rampage  .   (gloves unavailable)
Will    .....                   (boots unavailable)
Stlth   ..........              (no amulet)
HPRegen 1.10/turn               y - ring of poison resistance
MPRegen 0.10/turn               (no ring)

@: berserking (expiring), very quick
A: large, unfitting armour, claws 3, regeneration 1, shaggy fur 1, tough skin 1
a: Renounce Religion, Berserk, Trog's Hand


You were on level 6 of the Dungeon.
You worshipped Trog.
Trog was most pleased with you.
You visited 1 branch of the dungeon, and saw 6 of its levels.

You collected 181 gold pieces.

Inventory:

Missiles
 b - 66 stones (quivered)
 n - 23 poisoned darts
 p - a throwing net
 r - 2 boomerangs
 D - 18 boomerangs of dispersal
Armour
 a - a +0 animal skin (worn)
 k - a +0 tower shield
Jewellery
 y - a ring of poison resistance (left claw)
 C - an amulet of the acrobat
Wands
 z - a wand of acid (7)
 B - a wand of charming (7)
Scrolls
 d - 5 scrolls of identify {unknown}
 e - 5 scrolls of teleportation {unknown}
 j - 2 scrolls of poison {unknown}
 o - a scroll of fog {unknown}
 s - 2 scrolls of fear {unknown}
 t - a scroll of enchant armour {unknown}
 v - a scroll of blinking {unknown}
 w - a scroll of brand weapon {unknown}
 A - a scroll of magic mapping {unknown}
Potions
 c - a potion of lignification {unknown}
 f - a potion of ambrosia {unknown}
 g - a potion of cancellation {unknown}
 h - 2 potions of heal wounds {unknown}
 i - a potion of invisibility {unknown}
 l - 2 potions of attraction {unknown}
 m - a potion of might {unknown}
 q - 2 potions of curing {unknown}
 u - 2 potions of brilliance {unknown}
 x - a potion of mutation {unknown}


   Skills:
 + Level 6.3 Fighting
 + Level 3.0 Throwing
 - Level 3.0 Dodging
 + Level 3.8 Shields
 + Level 7.5 Unarmed Combat


You had 7 spell levels left.
You didn't know any spells.
Your spell library was empty.

Dungeon Overview and Level Annotations

Branches:
Dungeon (6/15)             Temple (0/1) D:4

Altars:
Fedhas
Ru
Trog
Uskayaw
Vehumet
Wu Jian
Zin
The Shining One

Shops:
D:2 *


Innate Abilities, Weirdness & Mutations

You are too large for most types of armour.
You have claws for hands.
Your natural rate of healing is unusually fast.
You are covered in fur. (AC +1)
You have tough skin. (AC +1)


Message History

You scratch the orc.
The orc is almost dead.
Something hits you.
Deactivating autopickup; reactivate with Ctrl-A.
The orc hits you but does no damage.
The orc warrior hits you from afar with a +2 halberd of pain!!
You writhe in agony.
A red film seems to cover your vision as you go berserk!
You feel yourself moving faster!
You feel mighty! Something hits you but does no damage.
The orc hits you with a +0 dagger. The orc warrior barely misses you.
You scratch the orc.
You kill the orc!
Trog accepts your kill.
Unknown command.
You scratch something.
The orc warrior hits you from afar with a +2 halberd of pain!
Something hits you but does no damage.
You claw something!
You feel the power of Trog in you as your rage grows.
Trog accepts your kill.
Trog appreciates your killing of a magic user.
Reactivating autopickup.
You feel a bit more experienced.
The orc warrior hits you from afar with a +2 halberd of pain!!
* * * LOW HITPOINT WARNING * * *
Your Throwing skill increases to level 3!
There is an open door, spattered with blood here.
Items here: ))) [[.
You feel a strong urge to attack something.
The orc warrior hits you with a +2 halberd of pain!
* * * LOW HITPOINT WARNING * * *
You see here an adder corpse.
You scratch the orc warrior but do no damage.
The orc warrior hits you with a +2 halberd of pain!
* * * LOW HITPOINT WARNING * * *
You barely miss the orc warrior. You barely miss the orc warrior.
The orc warrior hits you with a +2 halberd of pain!!
You die...

..................#..#
..................#..#
.......#'#######'##..#
.......#......#..##..#
.......#......#......#
.......'......#......#
.......#.....##).######
.......#.....###)#....#
.......#.....#.o@.....#
.......#.....#........#
.......#.....#........#
.......#.....#........#
.......#######..>.....#
##...... .....#####
#...... ......#
+....... .......#


You could see an orc warrior.

Vanquished Creatures
  Pikel (D:6)
  A water moccasin (D:4)
  A black bear (D:5)
  An ogre (D:4)
  4 lemures (D:5)
  3 kobold brigands (D:6)
  A necrophage (D:4)
  A bullfrog (D:6)
  3 wights
  2 jellies (D:5)
  2 orc priests (D:4)
  A hound (D:6)
  3 gnoll boudas
  2 orc wizards (D:6)
  15 gnolls
  9 adders
  2 white imps
  2 ufetubi
  A worm (D:2)
  A dart slug (D:1)
  13 orcs
  6 bats
  16 endoplasms
  3 giant cockroaches
  5 goblins
  6 hobgoblins
  4 jackals
  4 quokkas
  4 ball pythons
  2 frilled lizards (D:2)
  A goblin skeleton (D:3)
  A goblin zombie (D:3)
  5 hobgoblin zombies (D:3)
  13 kobolds
  A kobold skeleton (D:3)
  An orc zombie (D:3)
  2 rats (D:1)
143 creatures vanquished.

Notes
Turn   | Place    | Note
-------+----------+-------------------------------------------
     0 | D:1      | kevlar127 the Troll Berserker began the quest for the Orb.
     0 | D:1      | Reached XP level 1. HP: 22/22 MP: 0/0
   123 | D:1      | Reached XP level 2. HP: 26/29 MP: 1/1
   639 | D:2      | Found Redih's Assorted Antiques.
   774 | D:2      | Reached XP level 3. HP: 34/36 MP: 2/2
   828 | D:2      | Reached ** piety under Trog
   978 | D:2      | Reached XP level 4. HP: 45/45 MP: 3/3
  1226 | D:2      | Reached skill level 4 in Unarmed Combat
  1395 | D:3      | Found a glowing golden altar of the Shining One.
  1446 | D:3      | Found a bloodstained altar of Trog.
  1881 | D:4      | Reached XP level 5. HP: 31/53 MP: 4/4
  1912 | D:4      | Found a blossoming altar of Fedhas.
  1939 | D:4      | Found a radiant altar of Vehumet.
  1944 | D:4      | Reached *** piety under Trog
  2041 | D:4      | Noticed an ogre
  2045 | D:4      | Killed an ogre
  2046 | D:4      | Reached skill level 5 in Unarmed Combat
  2046 | D:4      | Reached XP level 6. HP: 62/62 MP: 5/5
  2411 | D:4      | Noticed a water moccasin
  2416 | D:4      | Killed a water moccasin
  2417 | D:4      | Reached XP level 7. HP: 71/71 MP: 6/6
  2461 | D:4      | Found a sacrificial altar of Ru.
  2479 | D:4      | Found a hide-covered altar of Uskayaw.
  2535 | D:4      | Reached skill level 5 in Fighting
  2535 | D:4      | Reached skill level 6 in Unarmed Combat
  2679 | D:4      | Found a staircase to the Ecumenical Temple.
  2943 | D:5      | Entered Level 5 of the Dungeon
  2943 | D:5      | Found a glowing silver altar of Zin.
  3042 | D:5      | Reached skill level 1 in Shields
  3514 | D:5      | Found an ornate altar of the Wu Jian Council.
  4062 | D:6      | Reached XP level 8. HP: 81/81 MP: 7/7
  4069 | D:6      | Reached skill level 1 in Throwing
  4087 | D:6      | Noticed Pikel
  4390 | D:6      | Killed Pikel
  4391 | D:6      | Reached skill level 7 in Unarmed Combat
  4679 | D:6      | Mangled by an orc warrior

Illustrated notes

Levels and vault maps discovered:
D:1:      scummos_arrival_simple_fountains, layout_loops_ring, minmay_liquid_box
D:2:      kennysheep_six_static_rooms, layout_basic, serial_shops,
          nicolae_shop_hallway_plus
D:3:      layout_rooms, mainiacjoe_overflow_small_starburst,
          nicolae_tso_besieged_by_evil
D:4:      layout_loops_ring, general_overflow_altar, nicolae_overflow_squiral,
          nicolae_uskayaw_murder_on_the_dancefloor, minmay_temple_entry_fiery
D:5:      layout_gridville, nicolae_overflow_hidden_temple,
          mainiacjoe_overflow_tiny_flanked, minmay_misc_feat_tower
D:6:      layout_gridville, grunt_ministairs_1, minmay_unpleasant_kobolds,
          uniq_pikel

Skill      XL: |  1  2  3  4  5  6  7  8 |
---------------+-------------------------+-----
Fighting       | 3 4 5 6 |  6.3
Dodging        | 3 |  3.0
Unarmed Combat | 4 5 6 7 |  7.5
Shields        | 2 3 |  3.8
Throwing       | 3 |  3.0

Action                   |  1- 3 |  4- 6 |  7- 9 || total
-------------------------+-------+-------+-------++-------
Melee: Unarmed           |    74 |   115 |   158 ||   347
       Punch             |       |     5 |     5 ||    10
Throw: Stone             |       |       |    10 ||    10
Invok: Berserk           |       |     2 |     2 ||     4
 Stab: Sleeping          |     1 |     2 |       ||     3
       Distracted        |       |     1 |       ||     1
Armor: Animal skin       |    22 |    28 |    37 ||    87
Dodge: Dodged            |    54 |    55 |    69 ||   178

Table legend: (Time is in decaauts)
 A = Elapsed time spent in this place.
 B = Non-inter-level travel time spent in this place.
 C = Inter-level travel time spent in this place.
 D = Time resting spent in this place.
 E = Time spent auto-exploring this place.
 F = Levels seen in this place.
 G = Mean time per level.
                   A        B        C        D        E       F      G
               +--------+--------+--------+--------+--------+-----+--------+
         Total |   4679 |   4312 |    367 |    706 |   2848 |   6 |  779.8 |
       Dungeon |   4679 |   4312 |    367 |    706 |   2848 |   6 |  779.8 |
               +--------+--------+--------+--------+--------+-----+--------+

Top non-repeatable levels by time:
     D:4: 1135 daAuts
     D:5: 1104 daAuts
     D:2: 753 daAuts
     D:1: 623 daAuts
     D:3: 539 daAuts
     D:6: 523 daAuts
